PR
WINTER HAVEN SUN SOX @ PHOENIX HOTSPUR ACADEMY
07/21/2033
 
TOP OF THE 1ST
Winter Haven Sun Sox batting - Pitching for Phoenix Hotspur Academy : RHP Francisco Medine
Pitching: RHP Francisco Medine
Batting: SHB Vincent Griffin 0-0: Ground out 5-3 (Groundball, 56)
Batting: RHB Ronaldo Gentil 0-0: Called Strike
0-1: Ball
1-1: Foul Ball, location: 2F
1-2: Ball
2-2: Fly out, F8 (Line Drive, 8LD)
Batting: RHB Paul Bader 0-0: Swinging Strike
0-1: Ball
1-1: Foul Ball, location: 2F
1-2: Ball
2-2: Fly out, F7 (Flyball, 7D)
Top of the 1st over - 0 runs, 0 hits, 0 errors, 0 left on base; Winter Haven 0 - Phoenix 0
BOTTOM OF THE 1ST
Phoenix Hotspur Academy batting - Pitching for Winter Haven Sun Sox : LHP Markus Martin
Pitching: LHP Markus Martin
Batting: RHB Paco González 0-0: Ball
1-0: Ball
2-0: Fly out, F8 (Flyball, 89M)
Batting: RHB Brit Davis 0-0: Swinging Strike
0-1: Swinging Strike
0-2: Strikes out looking
Batting: RHB Jonas van Claveren 0-0: Ball
1-0: Ball
2-0: Foul Ball, location: 2F
2-1: Called Strike
2-2: Ball
3-2: SOLO HOME RUN (Flyball, 7D), Distance : 396 ft
Batting: LHB Juan Hernández 0-0: Called Strike
0-1: Ball
1-1: Fly out, F9 (Flyball, 9S)
Bottom of the 1st over - 1 run, 1 hit, 0 errors, 0 left on base; Winter Haven 0 - Phoenix 1
TOP OF THE 2ND
Winter Haven Sun Sox batting - Pitching for Phoenix Hotspur Academy : RHP Francisco Medine
Batting: LHB Donald Lund 0-0: Foul Ball, location: 2F
0-1: Ball
1-1: Ground out 4-3 (Groundball, 4S)
Batting: RHB José Álvarez 0-0: Called Strike
0-1: Ball
1-1: Foul Ball, location: 2F
1-2: Ball
2-2: Ground out 6-3 (Groundball, 6)
Batting: LHB Matt McClendon 0-0: Ball
1-0: Ball
2-0: Foul Ball, location: 2F
2-1: Swinging Strike
2-2: Ground out 6-3 (Groundball, 6)
Top of the 2nd over - 0 runs, 0 hits, 0 errors, 0 left on base; Winter Haven 0 - Phoenix 1
BOTTOM OF THE 2ND
Phoenix Hotspur Academy batting - Pitching for Winter Haven Sun Sox : LHP Markus Martin
Batting: RHB Jonathon Newman 0-0: SOLO HOME RUN (Line Drive, 9D), Distance : 365 ft
Batting: LHB Keith York 0-0: Ball
1-0: Called Strike
1-1: Foul Ball, location: 2F
1-2: Fly out, F7 (Line Drive, 7)
Batting: RHB Ronnie Wise 0-0: Called Strike
0-1: Foul Ball, location: 2F
0-2: Ball
1-2: Ball
2-2: Strikes out swinging
Batting: LHB Pancho Coloma 0-0: SINGLE (Groundball, 56D)
Batting: LHB Ben Tyler 0-0: Called Strike
0-1: Ball
1-1: Ball
2-1: Ball
3-1: Ground out 4-3 (Groundball, 4D)
Bottom of the 2nd over - 1 run, 2 hits, 0 errors, 1 left on base; Winter Haven 0 - Phoenix 2
TOP OF THE 3RD
Winter Haven Sun Sox batting - Pitching for Phoenix Hotspur Academy : RHP Francisco Medine
Batting: RHB Júlio Hernández 0-0: Ball
1-0: Ground out 6-3 (Groundball, 6)
Batting: RHB Yu-bao Wie 0-0: Called Strike
0-1: Called Strike
0-2: Ball
1-2: Strikes out swinging
Batting: RHB Ernest Franks 0-0: Ball
1-0: SINGLE (Groundball, 34D)
Batting: SHB Vincent Griffin 0-0: Swinging Strike
0-1: SINGLE (Line Drive, 34)
Ernest Franks to second
Batting: RHB Ronaldo Gentil 0-0: Called Strike
0-1: Swinging Strike
0-2: Ball
1-2: Strikes out swinging
Top of the 3rd over - 0 runs, 2 hits, 0 errors, 2 left on base; Winter Haven 0 - Phoenix 2
BOTTOM OF THE 3RD
Phoenix Hotspur Academy batting - Pitching for Winter Haven Sun Sox : LHP Markus Martin
Batting: RHB Paco González 0-0: Called Strike
0-1: Swinging Strike
0-2: Ball
1-2: Ball
2-2: Strikes out swinging
Batting: RHB Brit Davis 0-0: Ball
1-0: SINGLE (Groundball, 6MD)
Batting: RHB Jonas van Claveren 0-0: Ball
1-0: Called Strike
Brit Davis is caught stealing 2nd base
1-1: Foul Ball, location: 2F
1-2: Ball
2-2: Foul Ball, location: 2F
2-2: Foul Ball, location: 2F
2-2: Ground out 5-3 (Groundball, 56S)
Bottom of the 3rd over - 0 runs, 1 hit, 0 errors, 0 left on base; Winter Haven 0 - Phoenix 2
TOP OF THE 4TH
Winter Haven Sun Sox batting - Pitching for Phoenix Hotspur Academy : RHP Francisco Medine
Batting: RHB Paul Bader 0-0: Called Strike
0-1: Ball
1-1: Foul Ball, location: 2F
1-2: Ground out 6-3 (Groundball, 6)
Batting: LHB Donald Lund 0-0: Ball
1-0: Ball
2-0: Called Strike
2-1: Foul Ball, location: 2F
2-2: Reached on error, E3 (Groundball, 3)
Batting: RHB José Álvarez 0-0: Ball
1-0: Ball
2-0: Ball
3-0: Base on Balls
Donald Lund to second
Batting: LHB Matt McClendon 0-0: Called Strike
0-1: Ball
1-1: Ball
2-1: Ball
3-1: Called Strike
3-2: Strikes out swinging
Batting: RHB Júlio Hernández 0-0: Ball
1-0: Foul Ball, location: 2F
1-1: Foul Ball, location: 2F
1-2: Foul Ball, location: 2F
1-2: Ball
2-2: SINGLE (Line Drive, 7LS)
Donald Lund to third
José Álvarez to second
Batting: RHB Yu-bao Wie 0-0: Foul Ball, location: 2F
0-1: Swinging Strike
0-2: Fly out, F7 (Flyball, 78M)
Top of the 4th over - 0 runs, 1 hit, 1 error, 3 left on base; Winter Haven 0 - Phoenix 2
BOTTOM OF THE 4TH
Phoenix Hotspur Academy batting - Pitching for Winter Haven Sun Sox : LHP Markus Martin
Batting: LHB Juan Hernández 0-0: Ball
1-0: Ball
2-0: Called Strike
2-1: Ball
3-1: Foul Ball, location: 2F
3-2: Foul Ball, location: 2F
3-2: Base on Balls
Batting: RHB Jonathon Newman 0-0: Called Strike
0-1: DOUBLE (Line Drive, 7LM)
Juan Hernández to third
Runner from 3rd tries for Home, SAFE, no throw
Batting: LHB Keith York 0-0: Fly out, F7 (Flyball, 7LS)
Batting: RHB Ronnie Wise 0-0: Ball
1-0: Fly out, F4 (Popup, 4)
Batting: LHB Pancho Coloma 0-0: Called Strike
0-1: Foul Ball, location: 2F
0-2: Strikes out swinging
Bottom of the 4th over - 1 run, 1 hit, 0 errors, 1 left on base; Winter Haven 0 - Phoenix 3
TOP OF THE 5TH
Winter Haven Sun Sox batting - Pitching for Phoenix Hotspur Academy : RHP Francisco Medine
Batting: RHB Ernest Franks 0-0: Ball
1-0: Foul Ball, location: 2F
1-1: Swinging Strike
1-2: Ground out 6-3 (Groundball, 6D)
Batting: SHB Vincent Griffin 0-0: DOUBLE (Groundball, 3L)
Pitching: LHP Raúl Vázquez
Batting: RHB Ronaldo Gentil 0-0: Called Strike
0-1: Called Strike
0-2: Strikes out swinging
Batting: RHB Paul Bader 0-0: Ball
1-0: Ball
2-0: Ball
3-0: Called Strike
3-1: Called Strike
3-2: Fly out, F7 (Flyball, 7LS)
Top of the 5th over - 0 runs, 1 hit, 0 errors, 1 left on base; Winter Haven 0 - Phoenix 3
BOTTOM OF THE 5TH
Phoenix Hotspur Academy batting - Pitching for Winter Haven Sun Sox : LHP Markus Martin
Batting: LHB Ben Tyler 0-0: Ball
1-0: Called Strike
1-1: Foul Ball, location: 2F
1-2: Ball
2-2: Strikes out swinging
Batting: RHB Paco González 0-0: Ball
1-0: Ground out 6-3 (Groundball, 56)
Batting: RHB Brit Davis 0-0: Ball
1-0: Ball
2-0: Foul Ball, location: 2F
2-1: Fly out, F8 (Flyball, 8RD)
Bottom of the 5th over - 0 runs, 0 hits, 0 errors, 0 left on base; Winter Haven 0 - Phoenix 3
TOP OF THE 6TH
Winter Haven Sun Sox batting - Pitching for Phoenix Hotspur Academy : LHP Raúl Vázquez
Batting: LHB Donald Lund 0-0: Called Strike
0-1: Hit by Pitch
Batting: RHB José Álvarez 0-0: Called Strike
0-1: Ball
1-1: Foul Ball, location: 2F
1-2: Foul Ball, location: 2F
1-2: Ball
2-2: Foul Ball, location: 2F
2-2: Ground out 4-3 (Groundball, 4S)
Donald Lund to second
Batting: LHB Matt McClendon 0-0: SINGLE (Groundball, 4MD)
Donald Lund to third
Runner from 3rd tries for Home, SAFE, no throw
Batting: RHB Júlio Hernández 0-0: Called Strike
0-1: DOUBLE (Line Drive, 89M)
Matt McClendon to third
Batting: RHB Yu-bao Wie 0-0: Swinging Strike
0-1: Foul Ball, location: 2F
0-2: Foul Ball, location: 2F
0-2: Foul Ball, location: 2F
0-2: Fly out, F8 (Flyball, 89M)
Runner from 3rd tags up, OUT at HOME
Top of the 6th over - 1 run, 2 hits, 0 errors, 1 left on base; Winter Haven 1 - Phoenix 3
BOTTOM OF THE 6TH
Phoenix Hotspur Academy batting - Pitching for Winter Haven Sun Sox : LHP Markus Martin
Batting: RHB Jonas van Claveren 0-0: Called Strike
0-1: Swinging Strike
0-2: Ball
1-2: Ball
2-2: Foul Ball, location: 2F
2-2: SINGLE (Line Drive, 7LS)
Batting: LHB Juan Hernández 0-0: Ball
1-0: SINGLE (Flyball, 7S)
Jonas van Claveren to second
Batting: RHB Jonathon Newman 0-0: Called Strike
0-1: Swinging Strike
0-2: Ball
1-2: Ball
2-2: Ball
3-2: Strikes out looking
Batting: LHB Keith York 0-0: Ball
1-0: Called Strike
1-1: Foul Ball, location: 2F
1-2: Foul Ball, location: 2F
1-2: Ball
2-2: Ball
3-2: SINGLE (Groundball, 6D)
Jonas van Claveren to third
Juan Hernández to second
Batting: RHB Ronnie Wise 0-0: Ball
1-0: Called Strike
1-1: Ball
2-1: Foul Ball, location: 2F
2-2: SINGLE (Flyball, 8LS)
Jonas van Claveren scores
Juan Hernández to third
Keith York to second
Runner from 3rd tries for Home, SAFE, no throw
Batting: LHB Pancho Coloma 0-0: Ball
1-0: Swinging Strike
1-1: Called Strike
1-2: Ball
2-2: Strikes out swinging
Batting: LHB Ben Tyler 0-0: Ball
1-0: Ball
2-0: Foul Ball, location: 2F
2-1: Swinging Strike
2-2: Ground out 4-3 (Groundball, 4D)
Bottom of the 6th over - 2 runs, 4 hits, 0 errors, 2 left on base; Winter Haven 1 - Phoenix 5
TOP OF THE 7TH
Winter Haven Sun Sox batting - Pitching for Phoenix Hotspur Academy : LHP Raúl Vázquez
Batting: RHB Ernest Franks 0-0: Called Strike
0-1: Ball
1-1: Called Strike
1-2: Ground out 5-3 (Groundball, 56S)
Batting: SHB Vincent Griffin 0-0: Foul Ball, location: 2F
0-1: Called Strike
0-2: Ball
1-2: Strikes out swinging
Batting: RHB Ronaldo Gentil 0-0: Ball
1-0: Fly out, F8 (Flyball, 89M)
Top of the 7th over - 0 runs, 0 hits, 0 errors, 0 left on base; Winter Haven 1 - Phoenix 5
BOTTOM OF THE 7TH
Phoenix Hotspur Academy batting - Pitching for Winter Haven Sun Sox : LHP Markus Martin
Batting: RHB Paco González 0-0: Ball
1-0: Called Strike
1-1: Foul Ball, location: 2F
1-2: Ball
2-2: Foul Ball, location: 2F
2-2: Strikes out swinging
Batting: RHB Brit Davis 0-0: SINGLE (Groundball, 6MD)
Batting: RHB Jonas van Claveren 0-0: Called Strike
0-1: Ball
1-1: Ball
2-1: SINGLE (Line Drive, 7S)
Brit Davis to second
Batting: LHB Juan Hernández 0-0: Foul Ball, location: 2F
0-1: Foul Ball, location: 2F
0-2: Ball
1-2: Ball
2-2: Fly out, F5 (Line Drive, 56)
Batting: RHB Jonathon Newman 0-0: Called Strike
0-1: Fly out, F7 (Flyball, 78S)
Bottom of the 7th over - 0 runs, 2 hits, 0 errors, 2 left on base; Winter Haven 1 - Phoenix 5
TOP OF THE 8TH
Winter Haven Sun Sox batting - Pitching for Phoenix Hotspur Academy : LHP Raúl Vázquez
Batting: RHB Paul Bader 0-0: Called Strike
0-1: Foul Ball, location: 2F
0-2: Ball
1-2: Ball
2-2: Ball
3-2: Ground out 6-3 (Groundball, 6)
Batting: LHB Donald Lund 0-0: Ball
1-0: Ball
2-0: Ball
3-0: Called Strike
3-1: Ground out 1-3 (Groundball, 13)
Batting: RHB José Álvarez 0-0: Called Strike
0-1: Foul Ball, location: 2F
0-2: Strikes out swinging
Top of the 8th over - 0 runs, 0 hits, 0 errors, 0 left on base; Winter Haven 1 - Phoenix 5
BOTTOM OF THE 8TH
Phoenix Hotspur Academy batting - Pitching for Winter Haven Sun Sox : LHP Markus Martin
Batting: LHB Keith York 0-0: Called Strike
0-1: Ball
1-1: Ball
2-1: DOUBLE (Flyball, 8RD)
Batting: RHB Ronnie Wise 0-0: Intentional Walk
Batting: LHB Pancho Coloma 0-0: Called Strike
0-1: Ball
1-1: Called Strike
1-2: Ball
2-2: Ball
Wild Pitch!
Keith York to third
Ronnie Wise to second
3-2: Foul Ball, location: 2F
3-2: Foul Ball, location: 2F
3-2: SINGLE (Line Drive, 34)
Keith York scores
Ronnie Wise to third
Batting: LHB Ben Tyler 0-0: Ball
1-0: Swinging Strike
1-1: Called Strike
1-2: Ball
2-2: Fly out, F8 (Flyball, 8RS)
Runner from 3rd tags up, SCORES, no throw
Batting: RHB Paco González 0-0: Ball
1-0: Ball
2-0: Ball
3-0: Base on Balls
Pancho Coloma to second
Batting: RHB Brit Davis 0-0: Ball
1-0: Ball
2-0: SINGLE (Flyball, 8LS)
Pancho Coloma to third
Paco González to second
Runner from 3rd tries for Home, SAFE, no throw
Pitching: RHP José Carmona
Batting: RHB Jonas van Claveren Balk!
Paco González to third
Brit Davis to second
0-0: Called Strike
0-1: Ball
1-1: Ball
2-1: Foul Ball, location: 2F
2-2: Ground out 6-3 (Groundball, 6)
Paco González scores
Batting: LHB Juan Hernández 0-0: Called Strike
0-1: Ball
1-1: Ball
2-1: Foul Ball, location: 2F
2-2: Foul Ball, location: 2F
2-2: Fly out, F5 (Popup, 5F)
Bottom of the 8th over - 4 runs, 3 hits, 0 errors, 1 left on base; Winter Haven 1 - Phoenix 9
TOP OF THE 9TH
Winter Haven Sun Sox batting - Pitching for Phoenix Hotspur Academy : LHP Raúl Vázquez
Now at SS: Diederick Wellenberg
Batting: LHB Matt McClendon 0-0: Called Strike
0-1: Ball
1-1: Ball
2-1: Swinging Strike
2-2: Ball
3-2: Base on Balls
Batting: RHB Júlio Hernández 0-0: Ground out 5-3 (Groundball, 56S)
Matt McClendon to second
Batting: RHB Yu-bao Wie 0-0: Ball
1-0: Ball
2-0: DOUBLE (Line Drive, 7LM)
Matt McClendon scores
Batting: RHB Ernest Franks 0-0: Ball
1-0: Foul Ball, location: 2F
1-1: Ground out 6-3 (Groundball, 6)
Yu-bao Wie to third
Batting: SHB Vincent Griffin 0-0: Ball
1-0: Called Strike
1-1: Ball
2-1: Ground out 6-3 (Groundball, 6)
Top of the 9th over - 1 run, 1 hit, 0 errors, 1 left on base; Winter Haven 2 - Phoenix 9
Saturday, December 22nd, 2018 - OOTP Baseball 18.8 Build 76